 Dungeon Crawl Stone Soup version 0.28.0-45-g0d030f2227 (webtiles) character file.

Game seed: 1343475278123402522

54 Revguard the Ducker (level 3, -1/30 HPs)
             Began as a Ghoul Gladiator on Apr 15, 2022.
             Killed from afar by an orc wizard (3 damage)
             ... with a magic dart
             ... on level 2 of the Dungeon.
             The game lasted 00:05:11 (1000 turns).

Revguard the Ducker (Ghoul Gladiator)               Turns: 1000, Time: 00:05:11

Health: -1/30      AC:  5    Str: 17    XL:     3   Next: 91%
Magic:  2/2        EV: 12    Int:  3    God:
Gold:   34         SH:  0    Dex: 12    Spells: 2/2 levels left

rFire   . . .      SeeInvis .   a - +0 quarterstaff
rCold   + . .      Faith    .   (shield currently unavailable)
rNeg    + + +      Spirit   .   b - +0 leather armour
rPois   ∞          Reflect  .   c - +0 helmet
rElec   .          Harm     .   f - +0 cloak
rCorr   .          Rampage  .   (no gloves)
Will    .....                   (no boots)
Stlth   +.........              (no amulet)
HPRegen 0.00/turn               (no ring)
MPRegen 0.08/turn               (no ring)

@: inhibited regen
A: claws 1, cold resistance 1, negative energy resistance 3, inhibited
regeneration, torment resistance 2
a: no special abilities


You were on level 2 of the Dungeon.
You visited 1 branch of the dungeon, and saw 2 of its levels.

You collected 34 gold pieces.

Inventory:

Hand Weapons
 a - a +0 quarterstaff (weapon)
Missiles
 d - 3 throwing nets (quivered)
Armour
 b - a +0 leather armour (worn)
 c - a +0 helmet (worn)
 f - a +0 cloak (worn)
Jewellery
 g - an amulet of faith
Scrolls
 h - 4 scrolls of teleportation
 i - a scroll of enchant armour {unknown}
 j - a scroll of acquirement {unknown}
Potions
 e - a potion of curing
 k - a potion of resistance {unknown}


   Skills:
 + Level 2.6 Fighting
 + Level 3.0 Staves
 - Level 1.7 Throwing
 * Level 1.2 Armour
 + Level 3.0 Dodging
 + Level 1.4 Stealth
 + Level 0.8 Invocations


You had 2 spell levels left.
You didn't know any spells.
Your spell library contained the following spells:

 Spells                   Type           Power      Damage    Failure   Level
 Dazzling Flash           Conj/Hex       0%         N/A       91%         3
 Iskenderun's Mystic Bla  Conj/Tloc      0%         2d3       100%        4
 Starburst                Conj/Fire      0%         6d3       100%        6


Dungeon Overview and Level Annotations

Branches:
Dungeon (2/15)

Altars:


Innate Abilities, Weirdness & Mutations

You thrive by killing the living.
You are immune to poison.
You have sharp fingernails.
Your flesh is cold resistant. (rC+)
You are immune to negative energy. (rN+++)
You do not regenerate when monsters are visible.
You are immune to unholy pain and torment.


Message History

You miss something. Something hits you but does no damage.
You barely miss something.
You hear some strange, mumbled words.
A puff of flame appears from out of thin air!
The puff of flame misses you.
You miss something.
A magic dart appears from out of thin air!
The magic dart hits something.
Something hits you.
You barely miss something. Something hits you.
* * * LOW HITPOINT WARNING * * *
You hit something. Something hits you but does no damage.
You miss something.
You hear some strange, mumbled words.
Something barely misses you.
You closely miss something.
You hear some strange, mumbled words.
A puff of flame appears from out of thin air!
The puff of flame hits something.
Reactivating autopickup.
You feel a bit more experienced.
You hit the orc.
The orc is moderately wounded.
The orc closely misses you.
You barely miss the orc.
The orc is moderately wounded.
The orc hits you with a +0 hand axe.
* * * LOW HITPOINT WARNING * * *
You sock the orc!
You kill the orc!
Deactivating autopickup; reactivate with Ctrl-A.
You hit something. Something hits you.
* * * LOW HITPOINT WARNING * * *
You barely miss something. Something barely misses you.
You miss something. Something hits you.
* * * LOW HITPOINT WARNING * * *
You hit something.
You hear some strange, mumbled words.
A magic dart appears from out of thin air!
The magic dart hits you.
You die...

.........# .........##
........... ...........
........... .........†.
#######..##..
###.########...####.##..
.....o{@†...............
##..#r######...#####.#..
# #...# #.#.. #...#
#.#.. #...# #..## #...#
##.## #...# #..# #...#
##.# #...# #..


You could see an orc and a rat.

Vanquished Creatures
  2 adders (D:2)
  2 orcs (D:2)
  2 endoplasms
  2 giant cockroaches
  2 goblins
  7 jackals
  3 ball pythons (D:1)
  5 bats
  2 frilled lizards
  5 kobolds
  A rat (D:1)
33 creatures vanquished.

Vanquished Creatures (others)
  An orc wizard (D:2)
1 creature vanquished.

Grand Total: 34 creatures vanquished

Notes
Turn   | Place    | Note
-------+----------+-------------------------------------------
     0 | D:1      | Revguard the Ghoul Gladiator began the quest for the Orb.
     0 | D:1      | Reached XP level 1. HP: 17/17 MP: 0/0
   180 | D:1      | Reached XP level 2. HP: 18/25 MP: 1/1
   598 | D:2      | Reached skill level 1 in Stealth
   598 | D:2      | Reached XP level 3. HP: 30/30 MP: 2/2
   697 | D:2      | Reached skill level 1 in Armour
   968 | D:2      | Identified the +6 ring mail of Lihes {*Corrode Str+5 Dex+9}
  1000 | D:2      | Killed from afar by an orc wizard

Illustrated notes

Levels and vault maps discovered:
D:1:      onia_arrival_pentagram, layout_rooms
D:2:      layout_basic

Skill      XL: |  1  2  3 |
---------------+----------+-----
Stealth        | 1 |  1.4
Armour         | 1 |  1.2
Dodging        | 3 |  3.0
Staves         | 3 |  3.0
Fighting       | |  2.6
Throwing       | |  1.7
Invocations    | |  0.8

Action                   || total
-------------------------++-------
Melee: Quarterstaff      ||   103
  Use: Scroll            ||     2
       Potion            ||     1
Armor: Leather armour    ||    37
Dodge: Dodged            ||    78
